Map: Incorporeal LE

Players

poaodsad

  • Race: Zerg Zerg
  • League: Gold
  • Spawn Location: 11:00

Rexzie - Winner!

  • Race: Terran Terran
  • League: Platinum
  • Spawn Location: 5:00

VOD

Have the link to the VOD?

Description

Time

  • Played on: Aug. 13, 2025, 8:22 a.m.
  • Length: 23:13
Show
View Real Time Build Order
Export as new Build Order

poaodsad Zerg 

Build Orders: Hatch First 

Get SALT Encoding   

  12  0:00  Drone  
  13  0:12  Overlord  
  13  0:17  Drone  
  14  0:31  Drone x2  
  14  0:35  Drone  
  17  0:50  Hatchery  
  17  0:54  Drone  
  17  0:57  Drone  
  18  1:08  Extractor  
  17  1:12  Spawning Pool  
  17  1:16  Drone  
  17  1:18  Drone  
  18  1:28  Drone  
  19  1:38  Overlord  
  19  1:59  Queen  
  21  2:03  Queen  
  21  2:05  Zergling x4  
  25  2:12  Drone x2  
  27  2:20  Drone  
  27  2:22  Drone  
  29  2:27  Spore Crawler  
  29  2:44  Drone x3  
  29  2:45  Drone  
  29  2:46  Overlord  
  33  2:55  Drone  
  34  2:59  Queen  
  36  3:07  Hatchery  
  35  3:17  Drone x4  
  39  3:20  Metabolic Boost  
  39  3:24  Queen  
  41  3:30  Zergling x2  
  41  3:31  Zergling x2, Overlord  
  42  3:42  Baneling Nest  
  42  3:43  Lair  
  42  3:45  Drone x2  
  43  4:11  Queen  
  43  4:12  Spore Crawler  
  43  4:13  Drone x3  
  43  4:15  Extractor  
  46  4:17  Drone x4  
  46  4:20  Queen  
  46  4:22  Zergling x4  
  54  4:24  Drone  
  55  4:33  Overlord x2  
  55  4:51  Centrifugal Hooks  
  55  4:56  Roach Warren, Spore Crawler  
  55  4:59  Drone x3  
  56  5:01  Zergling x12  
  62  5:18  Overseer  
  60  5:28  Baneling x2  
  60  5:29  Baneling x2  
  60  5:36  Zergling x6  
  60  5:37  Zergling x4  
  64  5:46  Roach x4  
  64  5:47  Roach, Overlord x3  
  65  6:00  Drone x6  
  71  6:17  Drone  
  71  6:18  Drone x3  
  75  6:21  Roach x2  
  79  6:32  Drone x3  
  82  6:35  Drone x2  
  84  6:41  Spire  
  84  6:45  Hatchery, Hydralisk Den  
  81  6:53  Hatchery, Ravager x2  
  82  6:55  Drone x6  
  82  6:59  Drone  
  82  7:00  Drone x2  
  82  7:01  Extractor  
  90  7:05  Extractor  
  90  7:06  Drone x4  
  90  7:07  Extractor  
  92  7:18  Queen x3  
  92  7:19  Evolution Chamber  
  92  7:20  Overlord x4  
  92  7:22  Evolution Chamber  
  96  7:23  Overseer  
  96  7:29  Overseer  
  96  7:32  Overlord  
  96  7:46  Zerg Missile Weapons Level 1  
  96  7:48  Zergling x2, Zerg Ground Armor Level 1  
  96  7:49  Zergling x16  
  96  7:50  Zergling x8  
  109  7:54  Queen  
  95  8:06  Roach x5  
  95  8:08  Zergling x10  
  95  8:10  Baneling x6  
  110  8:26  Drone x6  
  110  8:27  Drone x3  
  119  8:47  Hatchery  
  106  8:54  Zergling x6, Roach  
  106  8:55  Zergling x4  
  105  8:57  Roach x2  
  105  8:58  Roach x2  
  105  8:59  Zergling x8  
  105  9:00  Zergling x12  
  113  9:04  Zergling x2  
  114  9:14  Baneling x3  
  112  9:18  Overlord x4  
  112  9:23  Baneling x6  
  112  9:24  Baneling x2  
  100  9:29  Zergling x12  
  100  9:30  Zergling x2  
  96  9:32  Zergling x2  
  96  9:33  Zergling x2  
  95  9:40  Zergling x4  
  94  9:50  Roach x2  
  94  9:52  Baneling x4  
  89  10:00  Queen x2  
  89  10:01  Queen x2  
  89  10:06  Zergling x6  
  89  10:07  Zergling x2  
  100  10:08  Baneling x5  
  100  10:18  Drone x4  
  104  10:26  Drone x4  
  108  10:28  Extractor  
  108  10:29  Roach x2  
  108  10:30  Extractor  
  110  10:36  Queen x2  
  114  10:45  Roach x7  
  121  11:08  Zergling x4  
  121  11:09  Zergling x16  
  121  11:10  Roach x2  
  121  11:11  Roach  
  119  11:14  Glial Reconstitution  
  109  11:28  Queen x2  
  109  11:29  Zergling x8  
  109  11:30  Baneling x2  
  109  11:31  Baneling x8  
  109  11:32  Baneling x5  
  117  11:33  Roach x3  
  123  11:44  Drone x3  
  126  11:48  Drone x7  
  133  12:00  Roach x2, Overlord  
  133  12:01  Overlord x3  
  139  12:15  Roach  
  139  12:16  Roach x2, Overlord x2  
  143  12:23  Drone x3  
  143  12:24  Drone  
  143  12:25  Extractor  
  143  12:26  Extractor  
  136  12:48  Roach x8  
  152  12:54  Zergling x2  
  152  12:57  Hatchery  
  151  13:04  Hatchery  
  140  13:06  Zergling x12  
  140  13:07  Zergling x4  
  143  13:15  Zergling x4  
  131  13:27  Zergling x12  
  118  13:33  Zergling x8  
  122  13:48  Drone x5  
  127  13:58  Baneling x6  
  127  13:59  Baneling x8  
  127  14:00  Baneling x2  
  127  14:03  Lurker Den  
  127  14:05  Mutalisk x5  
  127  14:06  Mutalisk  
  138  14:12  Ravager x3  
  119  14:33  Zergling x2  
  119  14:34  Zergling x12  
  119  14:35  Zergling x6, Roach x4  
  127  14:44  Zergling x2  
  127  14:45  Zergling x4, Roach x2  
  134  14:46  Roach x2  
  138  14:54  Baneling x4  
  107  15:08  Baneling  
  107  15:09  Zergling x8  
  107  15:11  Roach x5  
  120  15:18  Roach  
  120  15:19  Zergling x4, Roach x2  
  111  15:23  Zergling x6  
  114  15:35  Extractor  
  113  15:37  Extractor  
  112  15:43  Hatchery, Zergling x6  
  112  15:44  Zergling x6  
  112  15:46  Baneling x7  
  112  15:47  Baneling x5  
  117  15:50  Extractor  
  117  15:51  Extractor  
  115  16:03  Drone x2  
  117  16:10  Zergling x2, Roach x3  
  117  16:11  Zergling x8  
  128  16:14  Ravager x3  
  128  16:15  Ravager  
  128  16:16  Zergling x6  
  135  16:48  Zergling x6, Hydralisk, Roach x3  
  135  16:49  Hydralisk x5  
  135  16:51  Hydralisk  
  135  16:52  Zerg Missile Weapons Level 2  
  158  16:56  Muscular Augments  
  136  17:12  Zergling x10  
  136  17:13  Zergling x16  
  136  17:14  Zergling x4  
  124  17:17  Zergling x8  
  107  17:36  Baneling x3  
  107  17:37  Baneling x5  
  105  17:41  Drone x5  
  105  17:42  Drone x2  
  99  17:59  Grooved Spines  
  99  18:04  Hatchery  
  98  18:09  Hatchery  
  97  18:14  Lurker x2  
  97  18:16  Baneling x6  
  99  18:33  Zergling x10, Hydralisk  
  99  18:34  Hydralisk x2, Roach  
  104  18:56  Zergling x4  
  104  18:57  Zergling x4, Roach x2  
  112  19:15  Zergling x4  
  114  19:17  Baneling x3  
  114  19:18  Baneling x6  
  114  19:19  Drone x4  
  118  19:29  Drone  
  118  19:30  Drone x2  
  121  19:40  Hydralisk  
  121  19:41  Hydralisk x2  
  127  19:54  Hatchery  
  121  20:18  Hydralisk x2  
  121  20:19  Hydralisk x2  
  121  20:20  Zergling x10  
  121  20:21  Zergling x2  
  135  20:26  Extractor  
  131  20:35  Queen x2  
  131  20:42  Baneling x6  
  135  20:49  Lurker x2  
  137  20:50  Lurker  
  137  20:51  Zergling x2  
  137  20:52  Zergling x16  
  137  20:53  Zergling x4  
  137  20:56  Hydralisk  
  151  21:10  Corruptor  
  150  21:24  Hydralisk x3  
  129  21:32  Extractor  
  129  21:33  Extractor  
  126  21:46  Corruptor  
  128  21:50  Hatchery  
  127  21:57  Hydralisk x2  
  127  22:00  Hatchery  
  130  22:03  Extractor  
  116  22:09  Corruptor  
  116  22:14  Zergling x6  
  116  22:15  Corruptor  
  88  22:42  Zergling x10  
Show
View Real Time Build Order
Export as new Build Order

Rexzie Terran - Winner!

Build Orders: Reaper Expand 

Get SALT Encoding   

  12  0:01  SCV  
  13  0:13  SCV  
  14  0:17  Supply Depot  
  14  0:26  SCV  
  15  0:39  SCV  
  15  0:40  Barracks  
  16  0:45  Refinery  
  16  0:51  SCV  
  17  1:03  SCV  
  18  1:15  SCV  
  19  1:28  Reaper  
  19  1:30  Orbital Command  
  20  1:41  Command Center  
  20  1:49  Supply Depot  
  20  1:57  SCV  
  20  1:59  Marine  
  22  2:09  Refinery, SCV  
  23  2:17  Factory  
  23  2:21  SCV  
  23  2:22  Barracks Reactor  
  24  2:33  SCV  
  25  2:45  SCV  
  26  2:53  Orbital Command  
  26  2:58  SCV  
  27  3:02  Factory Tech Lab  
  27  3:05  Starport  
  27  3:06  Marine x2  
  27  3:10  SCV  
  27  3:12  Barracks  
  30  3:21  SCV  
  30  3:22  SCV  
  30  3:26  Marine x2  
  34  3:30  Siege Tank  
  34  3:33  SCV  
  39  3:34  SCV  
  39  3:44  Supply Depot, Marine x2  
  39  3:48  SCV x2  
  43  3:54  Supply Depot  
  43  3:56  Starport Reactor  
  43  4:00  SCV x2, Barracks  
  44  4:12  SCV x2  
  44  4:14  Engineering Bay  
  46  4:17  Barracks Tech Lab  
  46  4:18  Marine x2  
  48  4:24  SCV x2  
  48  4:25  Refinery  
  50  4:34  Medivac  
  50  4:36  SCV, Stimpack  
  50  4:37  SCV  
  50  4:38  Marine x2  
  55  4:39  Siege Tank  
  55  4:45  Engineering Bay  
  59  4:48  SCV, Barracks Reactor  
  59  4:49  SCV  
  59  4:52  Barracks  
  61  4:59  Supply Depot  
  61  5:00  SCV  
  62  5:07  Supply Depot  
  62  5:14  Refinery  
  62  5:15  Supply Depot  
  62  5:21  Marine x2, SCV  
  65  5:48  Marine x3  
  65  5:49  Marine  
  63  6:01  Marine x2  
  65  6:06  Marine x2  
  65  6:08  Barracks  
  57  6:24  Terran Infantry Armor Level 1, Terran Infantry Weapons Level 1  
  57  6:30  Marine x3  
  57  6:32  Barracks Tech Lab, Combat Shield  
  60  6:38  Siege Tank, Medivac x2  
  60  6:39  Marine x2, Barracks  
  69  6:41  Barracks  
  69  6:43  Supply Depot  
  69  6:48  Marine x3  
  69  6:50  Supply Depot  
  69  6:53  Marine  
  73  6:56  Marine  
  73  6:57  Marine  
  75  7:05  Marine  
  75  7:06  Marine x2, Command Center  
  78  7:08  Medivac  
  78  7:10  Siege Tank  
  78  7:11  Marine  
  78  7:12  Barracks Reactor  
  78  7:14  Marine  
  78  7:15  Marine  
  86  7:28  Barracks  
  86  7:31  Marine x4  
  86  7:33  Barracks Reactor  
  86  7:35  Barracks Reactor  
  90  7:37  SCV x2  
  90  7:41  Supply Depot  
  91  8:07  Marine x5  
  91  8:08  Marine x3  
  91  8:09  Siege Tank, Medivac x2  
  106  8:21  Marine x5  
  106  8:25  Marine  
  112  8:27  Marine x7  
  119  8:38  Marine  
  119  8:39  Marine  
  124  8:41  Siege Tank  
  121  8:53  Marine  
  121  8:54  Marine x5  
  115  9:04  Marine x6  
  115  9:05  Marine  
  115  9:07  Orbital Command  
  115  9:09  SCV x2  
  124  9:11  Marine  
  125  9:42  Marine  
  125  9:45  Supply Depot, Marine x12  
  86  10:00  Marine  
  86  10:03  Marine x5  
  86  10:06  Marine  
  86  10:07  Marine x4  
  80  10:12  Orbital Command  
  83  10:15  Marine  
  83  10:18  Barracks Reactor  
  83  10:27  Armory  
  83  10:29  Siege Tank, Medivac x2  
  90  10:41  SCV x2  
  92  10:44  SCV  
  92  10:49  Refinery  
  93  10:50  Refinery  
  93  10:53  Marine x4, SCV x2  
  93  10:54  Marine x3  
  102  11:01  Siege Tank  
  102  11:09  Marine x6  
  102  11:10  Marine  
  100  11:11  Marine x2  
  102  11:23  Medivac x2  
  106  11:28  SCV x3  
  109  11:33  Siege Tank  
  109  11:38  Command Center  
  112  11:40  SCV x3  
  112  11:42  Marine x11  
  112  11:45  Terran Vehicle Weapons Level 1  
  112  11:46  Terran Infantry Armor Level 2, Terran Infantry Weapons Level 2  
  126  11:52  SCV x2  
  126  11:53  SCV  
  129  11:57  Marine x3  
  129  11:59  Marine  
  133  12:11  Supply Depot  
  133  12:13  Marine x7, SCV  
  141  12:22  Supply Depot x2  
  141  12:32  Marine x5, SCV x2  
  148  12:40  Marine  
  148  12:43  Marine x5, Siege Tank  
  148  12:44  Marine  
  157  12:46  Supply Depot  
  158  12:53  SCV x3  
  161  13:05  SCV  
  145  13:06  Marine x13  
  154  13:18  Marine  
  148  13:23  Marine  
  148  13:24  Marine x8  
  148  13:26  Marine x4  
  149  13:36  Marine  
  149  13:37  Orbital Command  
  150  13:41  Marine  
  151  13:52  Marine  
  151  13:53  Marine x5  
  151  13:54  Siege Tank  
  160  14:17  Refinery  
  160  14:18  Refinery  
  160  14:26  Siege Tank  
  136  14:33  Marine  
  136  14:34  Marine x6  
  133  14:44  Marine x7  
  140  14:51  Marine x4  
  140  14:52  Marine x2  
  146  14:58  Siege Tank  
  149  15:03  Marine x8  
  143  15:09  Marine x2  
  143  15:12  Orbital Command  
  125  15:44  Marine  
  125  15:45  Marine x9, Siege Tank  
  125  15:46  Medivac x2  
  142  15:52  Orbital Command  
  142  16:03  Marine x6  
  142  16:04  Marine x6  
  154  16:12  Marine x2  
  156  16:21  Marine x8  
  164  16:30  Marine  
  164  16:31  Marine x2  
  164  16:32  Marine, Siege Tank  
  153  17:14  Marine x14  
  156  17:28  Siege Tank, Medivac x2  
  163  17:31  Marine  
  163  17:32  Marine x10  
  170  17:51  Marine x7  
  170  17:52  Marine x7  
  183  18:09  Marine  
  184  18:19  Marine  
  185  18:20  Marine x3  
  185  18:24  Supply Depot  
  185  18:25  Supply Depot, Terran Infantry Weapons Level 3, Terran Infantry Armor Level 3  
  185  18:26  Terran Vehicle Weapons Level 2  
  188  18:27  Supply Depot  
  188  18:44  Marine x2  
  188  18:45  Marine x11  
  189  19:14  Liberator  
  189  19:15  Liberator  
  189  19:25  Command Center  
  189  19:27  Refinery  
  189  19:28  Refinery  
  189  19:43  Concussive Shells  
  189  19:57  Liberator x2  
  174  20:23  Marine  
  174  20:24  Marine x7  
  182  20:40  Liberator  
  156  21:45  Marine  
  156  21:46  Marine x13  
  170  22:03  Marine  
  170  22:04  Marine x9  
  180  22:09  Marine x4  
  184  22:21  Marine x3  
  187  22:27  Marauder  
  158  22:45  Marine  
  158  22:47  Marine x6  
Tags
 
Add a new tag
Caveats
  • Supply blocks, unpowered buildings, or Contaminate may cause inaccurate times.
  • Supply counts are checked every 10 seconds.